 Dungeon Crawl Stone Soup version 0.30-a0-272-gf98c3da03f (webtiles) character file.

Game seed: 14508144474623041403

1152 lunkers the Basher (level 8, -2/102 HPs)
             Began as a Meteoran Wanderer on Oct 16, 2022.
             Killed from afar by Dowan (8 damage)
             ... with a stone arrow
             ... on level 7 of the Dungeon.
             The game lasted 00:07:59 (2644 turns).

lunkers the Basher (Meteoran Wanderer)              Turns: 2644, Time: 00:08:00

Health: -2/102     AC: 13    Str: 19    XL:     8   Next: 97%
Magic:  11/11      EV:  9    Int: 17    God:
Gold:   476        SH:  7    Dex:  9    Spells: 8/9 levels left

rFire   . . .      SeeInvis +    c - +1 demon blade (vamp)
rCold   . . .      Faith    .    r - +0 buckler
rNeg    . . .      Spirit   .    d - +2 scale mail
rPois   +          Reflect  +    (no helmet)
rElec   .          Harm     .    w - +0 cloak
rCorr   .          Rampage  .    f - +1 pair of gloves "Ageq" {rPois Dex-4 SInv}
Will    +....                    (no boots)
Stlth   ..........               i - amulet of reflection
HPRegen 0.37/turn                e - +6 ring of intelligence
MPRegen 0.12/turn                (no ring)

@: berserking (expiring), lethally poisoned (-2 -> -4), glowing, very quick
A: sense surroundings 1, otherworldly, glowing, explore regen
a: no special abilities


You were on level 7 of the Dungeon.
You visited 1 branch of the dungeon, and saw 7 of its levels.
You also visited: Sewer.

You collected 476 gold pieces.

Inventory:

Hand Weapons
 a - a +0 club
 c - a +1 vampiric demon blade (weapon)
 j - a +0 mace
 o - a +2 dagger of protection
Armour
 d - a +2 scale mail (worn)
 f - the +1 pair of gloves "Ageq" (worn) {rPois Dex-4 SInv}
   (You acquired it on level 5 of the Dungeon)

   Dex:       It affects your dexterity (-4).
   rPois:     It protects you from poison.
   SInv:      It lets you see invisible.
 l - a +1 pair of gloves
 r - a +0 buckler (worn)
 w - a +0 cloak (worn)
Jewellery
 e - a +6 ring of intelligence (left hand)
 i - an amulet of reflection (around neck)
 k - a ring of ice
 p - an amulet of the acrobat
 v - an amulet of guardian spirit
Scrolls
 h - a scroll of brand weapon {unknown}
 m - a scroll of teleportation
 s - a scroll of torment
 t - a scroll of identify
Potions
 b - a potion of lignification
 g - 2 potions of mutation
 n - 2 potions of curing
 u - 2 potions of flight


   Skills:
 - Level 5.0 Fighting
 * Level 4.5 Long Blades
 - Level 9.7 Maces & Flails
 - Level 6.0 Armour
 - Level 1.3 Spellcasting
 - Level 3.6 Hexes


You had 8 spell levels left.
You knew the following spells:

 Your Spells              Type           Power      Damage    Failure   Level
p - Slow                  Hex            52%        N/A       19%         1

Your spell library contained the following spells:

 Spells                   Type           Power      Damage    Failure   Level
 Confusing Touch          Hex            13%        N/A       47%         3
 Tukima's Dance           Hex            13%        N/A       47%         3
 Ensorcelled Hibernation  Hex/Ice        14%        N/A       50%         2
 Passwall                 Tmut/Erth      0%         N/A       75%         2
 Sublimation of Blood     Necr           1%         N/A       75%         2
 Wereblood                Tmut           1%         N/A       75%         2
 Dazzling Flash           Conj/Hex       14%        N/A       75%         3
 Gell's Gravitas          Tloc           1%         N/A       93%         3
 Swiftness                Air            1%         N/A       93%         3
 Teleport Other           Tloc           1%         N/A       93%         3
 Vampiric Draining        Necr           1%         2d6       93%         3
 Iskenderun's Mystic Bla  Conj/Tloc      1%         2d3       100%        4
 Dispersal                Tloc           0%         N/A       100%        6
 Starburst                Conj/Fire      0%         6d3       100%        6
 Summon Hydra             Summ           0%         N/A       100%        7


Dungeon Overview and Level Annotations

Branches:
Dungeon (7/15) Zot: 1614    Sewer (visited)
 Temple: D:4-7

Altars:

Shops:
D:4 *

Annotations:
D:7 Dowan


Innate Abilities, Weirdness & Mutations

You passively map a small area around you.
You are easily found by Zot.
You glow in the dark.
You regain HP and MP as you explore.


Message History

You feel sick. Duvessa hits you with a +0 rapier.
* * * LOW HITPOINT WARNING * * *
You slash Duvessa!
You feel better.
Duvessa is severely wounded.
You feel sick.
Dowan mumbles some strange words.
Dowan blinks!
Duvessa gestures with her weapon.
Duvessa hits you but does no damage.
You closely miss Duvessa.
Duvessa is severely wounded.
You feel sick.
You barely miss Duvessa.
Duvessa is severely wounded.
You feel sick. Duvessa barely misses you. Dowan barely misses you.
You hit Duvessa.
Duvessa is severely wounded.
You feel sick. Duvessa hits you with a +0 rapier.
* * * LOW HITPOINT WARNING * * *
Dowan points at you and mumbles some strange words.
The puff of frost hits you.
* * * LOW HITPOINT WARNING * * *
You slash Duvessa!
You kill Duvessa!
Dowan screams, "No!
Oh no!"
Dowan seems to find hidden reserves of power!
You feel sick. You block Dowan's attack.
Your Long Blades skill increases to level 4!
You closely miss the kobold.
You feel sick.
Dowan points at you and mumbles some strange words.
The shard of ice hits you!
* * * LOW HITPOINT WARNING * * *
You barely miss Dowan. Dowan casts a spell at you. The stone arrow hits you!
* * * LOW HITPOINT WARNING * * *
You miss Dowan.
You feel sick.
Dowan points at you and mumbles some strange words.
The stone arrow hits you!
You die...

### * ...### #..## ,#
#.<## *,#. #.#.## *
#.. * ##.##.########
#.#...###e# ##.......#
#.....KK@.###.######.#
###..KK###.#.## ####ยง
##.## #.* ###** * *
#.* , , * ,, * .# , ,*
,, #* , * * , * * ,,,
* ,** *


You could see a kobold brigand, Dowan (fast) and 3 kobolds.

Vanquished Creatures
  The ghost of drugrobin the Trooper, a novice DgDe (D:5)
  2 water moccasins
  Duvessa (D:7)
  A black bear (D:6)
  A necrophage (D:5)
  A kobold brigand (D:5)
  4 hounds
  Terence (D:3)
  6 adders
  A shadow imp (D:6)
  An ufetubus (D:5)
  2 dart slugs (D:4)
  4 orcs
  9 bats
  8 endoplasms
  2 giant cockroaches
  3 goblins
  6 hobgoblins
  8 kobolds
  6 ball pythons
  4 frilled lizards
  5 rats
77 creatures vanquished.

Notes
Turn   | Place    | Note
-------+----------+-------------------------------------------
     0 | D:1      | lunkers the Meteoran Wanderer began the quest for the Orb.
     0 | D:1      | lunkers set off with the following items: a +0 club, a
                  | potion of lignification, a potion of heal wounds, a +2
                  | scale mail; and the following spell memorised: Slow; and
                  | the following spells available to memorise: Tukima's Dance.
     0 | D:1      | Reached XP level 1. HP: 16/16 MP: 3/3
   102 | D:1      | Reached skill level 1 in Maces & Flails
   154 | D:1      | Reached XP level 2. HP: 21/23 MP: 5/5
   183 | D:1      | Reached skill level 2 in Maces & Flails
   372 | D:1      | Reached skill level 3 in Maces & Flails
   372 | D:1      | Reached XP level 3. HP: 28/28 MP: 6/6
   806 | D:2      | Reached skill level 4 in Maces & Flails
   806 | D:2      | Reached XP level 4. HP: 35/35 MP: 7/7
   943 | D:3      | Noticed Terence
   971 | D:3      | Killed Terence
   972 | D:3      | Reached skill level 5 in Maces & Flails
   972 | D:3      | Reached XP level 5. HP: 40/40 MP: 8/8
  1209 | D:4      | Found Orour's Neck Hole.
  1246 | D:4      | Found a glowing drain.
  1254 | D:4      | Reached skill level 6 in Maces & Flails
  1266 | Sewer    | Entered a sewer
  1311 | Sewer    | Noticed a water moccasin
  1323 | Sewer    | Killed a water moccasin
  1324 | Sewer    | Reached skill level 7 in Maces & Flails
  1324 | Sewer    | Reached XP level 6. HP: 41/47 MP: 9/9
  1693 | D:5      | Entered Level 5 of the Dungeon
  1742 | D:5      | Reached skill level 8 in Maces & Flails
  1766 | D:5      | Reached XP level 7. HP: 52/52 MP: 10/10
  1857 | D:5      | Noticed a water moccasin
  1889 | D:5      | Killed a water moccasin
  1890 | D:5      | Reached skill level 9 in Maces & Flails
  2122 | D:5      | Found a runed translucent door.
  2124 | D:5      | Noticed drugrobin's ghost (novice DgDe)
  2169 | D:5      | Killed drugrobin's ghost
  2170 | D:5      | Reached skill level 5 in Fighting
  2170 | D:5      | Reached XP level 8. HP: 35/68 MP: 11/11
  2330 | D:5      | Reached skill level 1 in Long Blades
  2335 | D:5      | Identified a scroll of acquirement
  2338 | D:5      | Acquired the +1 pair of gloves "Ageq" {rPois Dex-4 SInv}
  2618 | D:7      | Noticed Duvessa
  2619 | D:7      | Noticed Dowan
  2641 | D:7      | Killed Duvessa
  2644 | D:7      | Killed from afar by Dowan

Illustrated notes

Levels and vault maps discovered:
D:1:      minmay_arrival_widening_spiral_wide, layout_loops_ring
D:2:      layout_rooms, basic_altar, roderic_lattice_a, minmay_circled_x
D:3:      layout_rooms, feat_on_display, uniq_crazy_yiuf_cottage, uniq_terence
D:4:      layout_basic, portal_sewer_entry_d, nicolae_shop_sticking_my_neck_out,
          uniq_edmund
D:5:      layout_basic, ebering_ghost_inner_flame
D:6:      layout_basic, minitemple, mainiacjoe_overflow_brackets,
          minmay_temple_entry_stoned_glass
D:7:      layout_loops_cross, uniq_menkaure, uniq_duvessa

Skill      XL: |  1  2  3  4  5  6  7  8 |
---------------+-------------------------+-----
Maces & Flails | 1 3 4 5 7 8 9 |  9.7
Fighting       | 5 |  5.0
Long Blades    | 4 |  4.5
Armour         | |  6.0
Spellcasting   | |  1.3
Hexes          | |  3.6

Action                   |  1- 3 |  4- 6 |  7- 9 || total
-------------------------+-------+-------+-------++-------
Melee: Club              |    79 |       |       ||    79
       Mace              |    27 |   149 |    94 ||   270
       Punch             |       |     3 |       ||     3
       Demon blade       |       |       |    90 ||    90
 Cast: Slow              |     2 |       |       ||     2
  Use: Potion            |       |     2 |     4 ||     6
       Scroll            |       |     5 |     6 ||    11
Armor: Scale mail        |    76 |   109 |   104 ||   289
       Skin              |       |    29 |       ||    29
Dodge: Dodged            |    53 |    75 |    69 ||   197
Block: Other             |       |    26 |       ||    26
       Buckler           |       |     5 |   107 ||   112

Table legend: (Time is in decaauts)
 A = Elapsed time spent in this place.
 B = Non-inter-level travel time spent in this place.
 C = Inter-level travel time spent in this place.
 D = Time resting spent in this place.
 E = Time spent auto-exploring this place.
 F = Levels seen in this place.
 G = Mean time per level.
                   A        B        C        D        E       F      G
               +--------+--------+--------+--------+--------+-----+--------+
         Total |   2715 |   2520 |    195 |     38 |   1472 |   8 |  339.4 |
       Dungeon |   2584 |   2389 |    195 |     17 |   1445 |   7 |  369.1 |
         Sewer |    130 |    130 |      0 |     21 |     27 |   1 |  130.0 |
               +--------+--------+--------+--------+--------+-----+--------+

Top non-repeatable levels by time:
     D:5: 688 daAuts
     D:4: 475 daAuts
     D:2: 456 daAuts
     D:1: 389 daAuts
     D:3: 288 daAuts
     D:6: 247 daAuts
   Sewer: 130 daAuts
     D:7: 39 daAuts
